 Dungeon Crawl Stone Soup version 0.30-a0-263-ge22c4ad894 (webtiles) character file.

Game seed: 13750762527673321988

362 Anon1729 the Trooper (level 6, -8/50 HPs)
             Began as a Mummy Monk on Oct 13, 2022.
             Mangled by an ogre
             ... wielding a +0 giant club
              (16 damage)
             ... on level 4 of the Dungeon.
             The game lasted 00:05:03 (3029 turns).

Anon1729 the Trooper (Mummy Monk)                   Turns: 3029, Time: 00:05:04

Health: -8/50      AC:  9    Str: 23    XL:     6   Next: 39%
Magic:  6/6        EV: 11    Int:  9    God:
Gold:   159        SH:  0    Dex: 14    Spells: 5/5 levels left

rFire   x . .      SeeInvis .    c - +0 quarterstaff
rCold   + . .      Faith    +    (shield currently unavailable)
rNeg    + + +      Spirit   .    d - +0 scale mail
rPois   ∞          Reflect  .    q - +2 helmet
rElec   .          Harm     .    (no cloak)
rCorr   .          Rampage  .    (no gloves)
Will    .....                    (no boots)
Stlth   +.........               (no amulet)
HPRegen 0.28/turn                r - +6 ring of strength
MPRegen 0.10/turn                k - ring of flight

@: flying
A: cold resistance 1, negative energy resistance 3, torment resistance 2, heat
vulnerability 1, in touch with death 1, no potions, faith
a: no special abilities


You were on level 4 of the Dungeon.
You visited 1 branch of the dungeon, and saw 4 of its levels.

You collected 159 gold pieces.

Inventory:

Hand Weapons
 c - a +0 quarterstaff (weapon)
 p - a +2 dagger of electrocution
Missiles
 o - 4 poisoned darts (quivered)
Armour
 b - a +0 robe
 d - a +0 scale mail (worn)
 q - a +2 helmet (worn)
Jewellery
 k - a ring of flight (right hand)
 r - a +6 ring of strength (left hand)
Wands
 l - a wand of polymorph (8)
Scrolls
 a - 4 scrolls of identify {unknown}
 e - 2 scrolls of amnesia {unknown}
 f - a scroll of brand weapon {unknown}
 g - a scroll of silence {unknown}
 h - a scroll of immolation {unknown}
 i - 2 scrolls of enchant armour {unknown}
 j - a scroll of poison {unknown}
 m - 4 scrolls of teleportation {unknown}
 n - a scroll of blinking {unknown}


   Skills:
 + Level 4.8 Fighting
 - Level 2.4(3.1) Polearms
 + Level 2.8(3.3) Staves
 + Level 2.8 Armour
 - Level 2.4 Dodging
 - Level 1.6 Stealth


You had 5 spell levels left.
You didn't know any spells.
Your spell library contained the following spells:

 Spells                   Type           Power      Damage    Failure   Level
 Shock                    Conj/Air       0%         1d3       71%         1
 Cigotuvi's Dreadful Rot  Necr/Pois/Air  0%         N/A       83%         2
 Swiftness                Air            0%         N/A       97%         3
 Airstrike                Air            0%         2d(0-16)  100%        4
 Dispel Undead            Necr           0%         3d6       100%        4
 Death Channel            Necr           0%         N/A       100%        6


Dungeon Overview and Level Annotations

Branches:
Dungeon (4/15)
 Temple: D:4-7

Altars:
Vehumet


Innate Abilities, Weirdness & Mutations

You are immune to poison.
Your flesh is cold resistant. (rC+)
You are immune to negative energy. (rN+++)
You are immune to unholy pain and torment.
You are vulnerable to heat. (rF-)
You are in touch with the powers of death.
You do not drink.
You have a special connection with the divine. (Faith)


Message History

You sock the ogre!
The ogre is moderately wounded.
You hit the ogre.
The ogre is heavily wounded.
The ogre hits you with a +0 giant club!!
You barely miss the ogre.
The ogre is heavily wounded.
The ogre hits you with a +0 giant club!
You are too injured to fight recklessly!
You are too injured to fight recklessly!
You are too injured to fight recklessly!
You are too injured to fight recklessly!
You are too injured to fight recklessly!
You are too injured to fight recklessly!
You are too injured to fight recklessly!
You are too injured to fight recklessly!
You are too injured to fight recklessly!
You are too injured to fight recklessly!
You are too injured to fight recklessly!
You are too injured to fight recklessly!
You are too injured to fight recklessly!
You are too injured to fight recklessly!
You barely miss the ogre.
The ogre is heavily wounded.
The ogre hits you with a +0 giant club!
* * * LOW HITPOINT WARNING * * *
Aiming: Polymorph
Press: ? - help, Shift-Dir - straight line, f - ogre
Aim: an ogre, wielding a +0 giant club (heavily wounded, will become a tengu, an acid dragon, or a frilled lizard, chance to affect: 49%)
Okay, then.
Unknown command.
You hit the ogre but do no damage.
The ogre is heavily wounded.
The ogre barely misses you.
You barely miss the ogre.
The ogre is heavily wounded.
You sock the ogre!
The ogre is almost dead.
The ogre hits you with a +0 giant club!
You die...

#...# ###.##
....... #. #...#
#..# #........ #.
#...# ##.#
#........# #####
#.###........#
#†##....)....#
#...........#
###...(.....#
#.........#
#####.@......#..
#......O........#
#........#.#$..##
#......#...# ..#
###..#.##.....
##..#. .>.### ...
# #.## #... .#
... .#


You could see an ogre.

Vanquished Creatures
  An ice beast (D:3)
  A black bear (D:4)
  An orc priest (D:3)
  Robin (D:2)
  3 adders (D:3)
  3 gnolls (D:4)
  2 worms (D:2)
  3 dart slugs
  5 orcs (D:3)
  11 ball pythons
  4 bats
  6 endoplasms
  12 goblins
  4 hobgoblins
  3 jackals (D:2)
  A quokka (D:2)
  2 frilled lizards
  4 kobolds (D:1)
  4 rats
71 creatures vanquished.

Notes
Turn   | Place    | Note
-------+----------+-------------------------------------------
     0 | D:1      | Anon1729 the Mummy Monk began the quest for the Orb.
     0 | D:1      | Reached XP level 1. HP: 18/18 MP: 1/1
   456 | D:1      | Reached XP level 2. HP: 20/24 MP: 2/2
   919 | D:2      | Found a radiant altar of Vehumet.
  1254 | D:2      | Reached skill level 1 in Staves
  1311 | D:2      | Reached skill level 1 in Armour
  1311 | D:2      | Gained mutation: You are in touch with the powers of death.
                  | [Mummy growth]
  1311 | D:2      | Reached XP level 3. HP: 29/29 MP: 3/3
  1565 | D:2      | Found a faded altar of an unknown god.
  1770 | D:3      | Noticed Robin
  2021 | D:2      | HP: 1/29 [hobgoblin[Robin] (3)]
  2169 | D:2      | Killed Robin
  2295 | D:3      | Reached XP level 4. HP: 37/37 MP: 4/4
  2596 | D:3      | Reached skill level 4 in Fighting
  2643 | D:3      | Noticed an ice beast
  2650 | D:3      | Killed an ice beast
  2651 | D:3      | Reached XP level 5. HP: 43/43 MP: 5/5
  2862 | D:4      | Reached XP level 6. HP: 27/49 MP: 6/6
  3029 | D:4      | Mangled by an ogre

Illustrated notes

Levels and vault maps discovered:
D:1:      onia_arrival_mini_maze, layout_basic, minmay_misc_feat_nine_boxes
D:2:      layout_basic, basic_altar, ebering_ecumenical_altar_hall
D:3:      minmay_chambers_of_threes, layout_rooms, uniq_robin
D:4:      layout_basic, vehumet_altar_wand_db, serial_curves, eino_curves_03,
          eino_curves_04, hangedman_decor_diamond_cutter

Skill      XL: |  1  2  3  4 |
---------------+-------------+-----
Staves         | 1 2 |  2.8
Armour         | 1 2 |  2.8
Fighting       | 4 |  4.8
Polearms       | |  2.4
Dodging        | |  2.4
Stealth        | |  1.6

Action                   |  1- 3 |  4- 6 || total
-------------------------+-------+-------++-------
Melee: Quarterstaff      |   121 |   107 ||   228
       Spear             |     4 |       ||     4
Evoke: Wand              |     1 |       ||     1
Armor: Scale mail        |    89 |    50 ||   139
Dodge: Dodged            |   104 |    69 ||   173

Table legend: (Time is in decaauts)
 A = Elapsed time spent in this place.
 B = Non-inter-level travel time spent in this place.
 C = Inter-level travel time spent in this place.
 D = Time resting spent in this place.
 E = Time spent auto-exploring this place.
 F = Levels seen in this place.
 G = Mean time per level.
                   A        B        C        D        E       F      G
               +--------+--------+--------+--------+--------+-----+--------+
         Total |   3074 |   2962 |    112 |    436 |   1885 |   4 |  768.5 |
       Dungeon |   3074 |   2962 |    112 |    436 |   1885 |   4 |  768.5 |
               +--------+--------+--------+--------+--------+-----+--------+

Top non-repeatable levels by time:
     D:2: 1331 daAuts
     D:1: 885 daAuts
     D:3: 632 daAuts
     D:4: 223 daAuts
